Capitals vs Flames
Created - 5 février 2014 at 23:13
Goals
|
| Capitals |
1 |
2 |
1 |
4 |
| Flames |
3 |
3 |
1 |
7 |
|
Shots
|
| Capitals |
17 |
12 |
9 |
38 |
| Flames |
14 |
16 |
6 |
36 |
|
1st period
1. Flames , Niklas Kronwall 5 (Eric Staal, Alexander Semin) at 9:21 (PP)
2. Flames , Milan Hejduk 22 (Alexander Semin, Eric Staal) at 9:33
3. Flames , Josef Vasicek 16 (Derek Meech, Jordin Tootoo) at 14:20
4. Capitals , Bobby Ryan 15 (Thomas Vanek, Ryan Suter) at 18:47
Penalties :
Marian Hossa (Was) for Boarding (Minor) at 9:14
2nd period
5. Flames , Marcel Goc 8 (Tomas Kaberle, Branko Radivojevic) at 1:17
6. Capitals , Marian Hossa 21 (Brooks Laich) at 2:05 (PP)
7. Capitals , Bobby Ryan 16 (Thomas Vanek, Ryan Suter) at 3:27 (PP)
8. Flames , Alexander Semin 28 (David Backes, Tomas Kaberle) at 7:00 (PP)
9. Flames , Eric Staal 38 (Steve Eminger) at 12:48
Penalties :
David Backes (Cal) for Hooking (Minor) at 2:03, Michal Handzus (Cal) for Roughing (Minor) at 2:54, Thomas Vanek (Was) for Tripping (Minor) at 6:43, David Backes (Cal) for Tripping (Minor) at 18:59
3rd period
10. Capitals , Evgeni Malkin 22 (Marian Hossa) at 15:48
11. Flames , Mark Bell 17 (Michal Handzus, David Backes) at 16:28
Penalties :
No Penalty
Goalie Stats
Niklas Backstrom (Was), 13 saves from 17 shots - (0,765), 21:17 minutes
Nikolai Khabibulin (Was), 16 saves from 19 shots - (0,842), L, 15-9-0, 38:43 minutes
Craig Anderson (Cal), 34 saves from 38 shots - (0,895), W, 17-7-0, 60:00 minutes
Players Stats for Capitals
Player Name G A P +/- PIM S H SB GA TA FO MP PP MP PK MP
------------------------------------------------------------------------------------
Adam Hall 0 0 0 -1 0 0 0 1 0 0 0/0 8:20 0:00 0:00
Ales Hemsky 0 0 0 -1 0 2 0 0 1 0 0/1 13:49 0:00 0:00
Anton Volchenkov 0 0 0 -1 0 2 0 1 2 0 0/0 29:12 2:13 0:17
Bobby Ryan 2 0 2 -1 0 3 2 0 1 0 1/2 17:37 1:10 0:00
Braydon Coburn 0 0 0 0 0 0 2 0 0 2 0/0 16:48 0:00 0:17
Brooks Laich 0 1 1 -1 0 1 4 0 1 0 7/11 15:27 1:24 0:00
Chris Kunitz 0 0 0 -1 0 2 2 0 0 0 0/0 13:38 0:00 0:00
Danil Markov 0 0 0 -2 0 0 0 1 0 0 0/0 18:13 0:21 0:07
Ed Jovanovski 0 0 0 -2 0 0 1 1 0 0 0/0 18:06 0:21 0:00
Evgeni Malkin 1 0 1 0 0 6 1 0 1 2 11/30 19:15 0:00 0:00
Jason Blake 0 0 0 -1 0 1 0 0 1 0 0/0 8:09 0:00 0:00
Joe Corvo 0 0 0 0 0 2 1 1 0 0 0/0 12:01 0:00 0:07
Marian Hossa 1 1 2 0 2 8 1 2 0 0 0/3 20:30 1:24 0:00
Nicklas Backstrom 0 0 0 -1 0 6 0 0 0 0 6/12 17:26 1:10 0:00
Peter Regin 0 0 0 -1 0 0 1 0 0 0 2/4 8:33 0:00 0:24
Ryan Suter 0 2 2 -1 0 0 2 0 0 1 0/0 24:18 2:13 0:00
Thomas Vanek 0 2 2 -1 2 5 0 0 0 1 1/1 17:17 1:10 0:00
Zach Parise 0 0 0 0 0 0 2 0 1 0 2/2 20:55 1:24 0:24
Players Stats for Flames
Player Name G A P +/- PIM S H SB GA TA FO MP PP MP PK MP
------------------------------------------------------------------------------------
Alexander Semin 1 2 3 0 0 4 0 0 1 1 1/1 20:19 0:24 0:00
Branko Radivojevic 0 1 1 1 0 2 0 0 0 0 0/0 8:12 0:00 0:00
David Backes 0 2 2 1 4 2 3 1 2 0 0/0 16:36 0:24 0:00
Derek Meech 0 1 1 2 0 1 1 0 0 0 0/0 17:33 0:17 0:00
Eric Staal 1 2 3 0 0 2 3 0 0 0 21/35 21:06 0:24 0:41
François Beauchemin 0 0 0 1 0 2 2 0 0 2 0/0 22:47 0:00 2:02
Jordin Tootoo 0 1 1 1 0 1 1 0 0 0 0/1 13:31 0:00 0:50
Josef Vasicek 1 0 1 1 0 6 0 0 0 1 2/5 12:41 0:00 0:00
Marcel Goc 1 0 1 1 0 3 2 0 0 0 1/2 8:12 0:00 0:00
Mark Bell 1 0 1 1 0 1 0 1 0 0 0/2 15:32 0:00 0:00
Michal Handzus 0 1 1 1 2 2 0 2 0 0 8/16 17:39 0:00 1:32
Mike Leclerc 0 0 0 1 0 2 0 1 0 0 0/0 10:59 0:00 2:05
Mikhail Grabovski 0 0 0 1 0 0 0 1 1 0 1/1 12:41 0:00 0:00
Milan Hejduk 1 0 1 0 0 4 2 0 1 0 2/3 19:55 0:00 0:00
Niklas Kronwall 1 0 1 0 0 1 1 0 0 1 0/0 13:49 0:07 0:00
Ron Hainsey 0 0 0 0 0 1 0 4 0 2 0/0 14:37 0:07 0:32
Steve Eminger 0 1 1 1 0 1 3 4 0 0 0/0 27:50 0:00 2:02
Tomas Kaberle 0 2 2 2 0 1 1 3 1 1 0/0 23:24 0:17 0:32
3 Stars
1 - Eric Staal (Cal)
2 - Alexander Semin (Cal)
3 - Bobby Ryan (Was)
Power Play
Capitals - 2 on 3 Attempt(s) - 66,67%
Flames - 2 on 2 Attempt(s) - 100,00%
Penalty Kill
Capitals - 0 on 2 Attempt(s) - 0,00%
- Score 0 goal in Penalty Kill
Flames - 1 on 3 Attempt(s) - 33,33%
- Score 0 goal in Penalty Kill
Official
Referees : Pochmara Brian and Dwyer Gord
Linesman : Lyle Seitz and Steve Barton
Game Notes
Nikolai Khabibulin enters game at 1:17 of 2nd period
Finance
Level 1 -- Attendance: 5522 (92,03%) -- Ticket Income 485 936 $
Level 2 -- Attendance: 3538 (70,76%) -- Ticket Income 198 128 $
Level 3 -- Attendance: 1707 (85,35%) -- Ticket Income 54 624 $
Level 4 -- Attendance: 3374 (84,35%) -- Ticket Income 70 854 $
Luxury Box -- Attendance: 715 (71,50%) -- Ticket Income 135 135 $
Game was played at the Metal Center
Total Attendance: 14856 (82,53%)
Total Ticket Income: 944 677 $
Other Income: 141 702 $
Total Income: 1 086 379 $
Capitals
5 vs 5 Forward
Center Left Wing Right Wing Time % Phy DF OF
1 Evgeni Malkin Zach Parise Marian Hossa 40 1 2 2
2 Nicklas Backstrom Thomas Vanek Bobby Ryan 30 1 2 2
3 Brooks Laich Chris Kunitz Ales Hemsky 20 1 2 2
4 Peter Regin Jason Blake Adam Hall 10 1 2 2
5 vs 5 Defense
Defense Defense Time % Phy DF OF
1 Ryan Suter Anton Volchenkov 40 1 2 2
2 Danil Markov Ed Jovanovski 30 1 2 2
3 Braydon Coburn Joe Corvo 20 1 2 2
4 Anton Volchenkov Braydon Coburn 10 1 2 2
PowerPlay Forward
Center Left Wing Right Wing Time % Phy DF OF
1 Brooks Laich Zach Parise Marian Hossa 60 1 2 2
2 Nicklas Backstrom Thomas Vanek Bobby Ryan 40 1 2 2
PowerPlay Defense
Defense Defense Time % Phy DF OF
1 Ryan Suter Anton Volchenkov 60 1 2 2
2 Danil Markov Ed Jovanovski 40 1 2 2
Penalty Kill 4 Players Forward
Center Wing Time % Phy DF OF
1 Peter Regin Zach Parise 60 1 2 2
2 Evgeni Malkin Marian Hossa 40 1 2 2
Penalty Kill 4 Players Defense
Defense Defense Time % Phy DF OF
1 Anton Volchenkov Braydon Coburn 60 1 2 2
2 Danil Markov Joe Corvo 40 1 2 2
Penalty Kill - 3 Players Forward
Forward Time % Phy DF OF
1 Marian Hossa 60 1 2 2
2 Evgeni Malkin 40 1 2 2
Penalty Kill - 3 Players Defense
Defense Defense Time % Phy DF OF
1 Anton Volchenkov Braydon Coburn 60 1 2 2
2 Danil Markov Joe Corvo 40 1 2 2
4 vs 4 Forward
Center Wing Time % Phy DF OF
1 Evgeni Malkin Marian Hossa 60 1 2 2
2 Nicklas Backstrom Zach Parise 40 1 2 2
4 vs 4 Defense
Defense Defense Time % Phy DF OF
1 Anton Volchenkov Ryan Suter 60 1 2 2
2 Danil Markov Ed Jovanovski 40 1 2 2
Last Minutes Offensive
Center Left Wing Right Wing Defense Defense
Evgeni Malkin Zach Parise Marian Hossa Anton Volchenkov Ryan Suter
Last Minutes Defensive
Center Left Wing Right Wing Defense Defense
Evgeni Malkin Zach Parise Marian Hossa Anton Volchenkov Ryan Suter
Goaltenders
Starting : Niklas Backstrom
Backup : Nikolai Khabibulin
Extra Forwards
Normal : Nicklas Backstrom, Marian Hossa, Peter Regin - PP : Peter Regin, Brooks Laich - PK : Chris Kunitz
Extra Defensemen
Normal : Braydon Coburn, Ryan Suter, Danil Markov - PP : Joe Corvo - PK : Ryan Suter, Ed Jovanovski
Penalty Shots
Marian Hossa, Evgeni Malkin, Zach Parise, Thomas Vanek, Nicklas Backstrom
Flames
5 vs 5 Forward
Center Left Wing Right Wing Time % Phy DF OF
1 Eric Staal Alexander Semin Milan Hejduk 40 1 2 2
2 Michal Handzus Mark Bell David Backes 30 1 2 2
3 Josef Vasicek Mikhail Grabovski Jordin Tootoo 20 1 2 2
4 Marcel Goc Mike Leclerc Branko Radivojevic 10 1 2 2
5 vs 5 Defense
Defense Defense Time % Phy DF OF
1 Tomas Kaberle Steve Eminger 40 1 2 2
2 François Beauchemin Derek Meech 30 1 2 2
3 Niklas Kronwall Ron Hainsey 20 1 2 2
4 François Beauchemin Steve Eminger 10 1 2 2
PowerPlay Forward
Center Left Wing Right Wing Time % Phy DF OF
1 Eric Staal Alexander Semin David Backes 60 1 1 3
2 Josef Vasicek Mark Bell Milan Hejduk 40 1 1 3
PowerPlay Defense
Defense Defense Time % Phy DF OF
1 Tomas Kaberle Derek Meech 60 1 1 3
2 Niklas Kronwall Ron Hainsey 40 1 1 3
Penalty Kill 4 Players Forward
Center Wing Time % Phy DF OF
1 Michal Handzus Mike Leclerc 60 1 3 1
2 Eric Staal Jordin Tootoo 40 1 3 1
Penalty Kill 4 Players Defense
Defense Defense Time % Phy DF OF
1 François Beauchemin Steve Eminger 60 1 3 1
2 Tomas Kaberle Ron Hainsey 40 1 3 1
Penalty Kill - 3 Players Forward
Forward Time % Phy DF OF
1 Michal Handzus 60 1 3 1
2 Eric Staal 40 1 3 1
Penalty Kill - 3 Players Defense
Defense Defense Time % Phy DF OF
1 François Beauchemin Steve Eminger 60 1 4 0
2 Tomas Kaberle Ron Hainsey 40 1 4 0
4 vs 4 Forward
Center Wing Time % Phy DF OF
1 Eric Staal Alexander Semin 60 1 2 2
2 Michal Handzus Milan Hejduk 40 1 2 2
4 vs 4 Defense
Defense Defense Time % Phy DF OF
1 Tomas Kaberle Steve Eminger 60 1 2 2
2 François Beauchemin Derek Meech 40 1 2 2
Last Minutes Offensive
Center Left Wing Right Wing Defense Defense
Eric Staal Alexander Semin David Backes Tomas Kaberle Steve Eminger
Last Minutes Defensive
Center Left Wing Right Wing Defense Defense
Eric Staal Mike Leclerc David Backes Tomas Kaberle Steve Eminger
Goaltenders
Starting : Craig Anderson
Backup : Pekka Rinne
Extra Forwards
Normal : Milan Hejduk, Mark Bell, Josef Vasicek - PP : Milan Hejduk, Marcel Goc - PK : Jordin Tootoo
Extra Defensemen
Normal : François Beauchemin, Derek Meech, Niklas Kronwall - PP : François Beauchemin - PK : Derek Meech, Ron Hainsey
Penalty Shots
Eric Staal, David Backes, Alexander Semin, Milan Hejduk, Marcel Goc
% Time on Ice - Capitals
Lines # - Real PCT - Wanted PCT - Time Play
Normal Forward
1 - 34% - 40% - 19:07
2 - 28% - 30% - 16:08
3 - 24% - 20% - 13:38
4 - 14% - 10% - 8:09
Normal Defense
1 - 40% - 40% - 22:46
2 - 31% - 30% - 17:45
3 - 21% - 20% - 11:54
4 - 8% - 10% - 4:37
PP Forward
1 - 55% - 60% - 1:24
2 - 45% - 40% - 1:10
PP Defense
1 - 86% - 60% - 2:13
2 - 14% - 40% - 0:21
PK Forward
1 - 100% - 60% - 0:24
2 - 0% - 40% - 0:00
PK Defense
1 - 71% - 60% - 0:17
2 - 29% - 40% - 0:07
PK3 Forward
1 - 0% - 60%
2 - 0% - 40%
PK3 Defense
1 - 0% - 60%
2 - 0% - 40%
44 Forward
1 - 0% - 60%
2 - 0% - 40%
44 Defense
1 - 0% - 60%
2 - 0% - 40%
Last Minute Offensive - 0:00
Last Minute Defensive - 0:00
Total
Forward - 60:00
Defense - 60:00
|
% Time on Ice - Flames
Lines # - Real PCT - Wanted PCT - Time Play
Normal Forward
1 - 37% - 40% - 21:06
2 - 26% - 30% - 15:03
3 - 22% - 20% - 12:41
4 - 14% - 10% - 8:12
Normal Defense
1 - 38% - 40% - 21:24
2 - 31% - 30% - 17:32
3 - 24% - 20% - 13:42
4 - 8% - 10% - 4:24
PP Forward
1 - 100% - 60% - 0:24
2 - 0% - 40% - 0:00
PP Defense
1 - 71% - 60% - 0:17
2 - 29% - 40% - 0:07
PK Forward
1 - 81% - 60% - 2:05
2 - 19% - 40% - 0:29
PK Defense
1 - 79% - 60% - 2:02
2 - 21% - 40% - 0:32
PK3 Forward
1 - 0% - 60%
2 - 0% - 40%
PK3 Defense
1 - 0% - 60%
2 - 0% - 40%
44 Forward
1 - 0% - 60%
2 - 0% - 40%
44 Defense
1 - 0% - 60%
2 - 0% - 40%
Last Minute Offensive - 0:00
Last Minute Defensive - 0:00
Total
Forward - 60:00
Defense - 60:00
|
Play by Play
1st period
0:01 of 1st period - Evgeni Malkin wins face-off versus Eric Staal in neutral zone.
0:14 of 1st period - Snap shot by Alexander Semin.
0:14 of 1st period - Stopped by Niklas Backstrom without a rebound.
0:15 of 1st period - Bobby Ryan wins face-off versus Michal Handzus in Capitals zone.
0:21 of 1st period - Off-side.
0:22 of 1st period - Nicklas Backstrom wins face-off versus Michal Handzus in neutral zone.
0:56 of 1st period - Wrist shot by Marcel Goc.
0:56 of 1st period - Shot Hit the Post.
0:58 of 1st period - Snap shot by Mike Leclerc.
0:58 of 1st period - Shot Misses the Net.
1:00 of 1st period - Slapshot by Marcel Goc.
1:00 of 1st period - Stopped by Niklas Backstrom without a rebound.
1:01 of 1st period - Eric Staal wins face-off versus Ales Hemsky in Capitals zone.
1:28 of 1st period - Niklas Kronwall is hit by Braydon Coburn and loses puck.
1:37 of 1st period - Wrist shot by Evgeni Malkin.
1:37 of 1st period - Stopped by Craig Anderson without a rebound.
1:38 of 1st period - Michal Handzus wins face-off versus Evgeni Malkin in Flames zone.
2:06 of 1st period - Off-side.
2:07 of 1st period - Eric Staal wins face-off versus Peter Regin in neutral zone.
2:16 of 1st period - Snap shot by Eric Staal.
2:16 of 1st period - Shot Misses the Net.
2:18 of 1st period - Wrist shot by Eric Staal.
2:18 of 1st period - Shot Misses the Net.
2:20 of 1st period - Slapshot by Milan Hejduk.
2:20 of 1st period - Stopped by Niklas Backstrom with a rebound.
3:00 of 1st period - Marcel Goc is hit by Brooks Laich.
3:16 of 1st period - Wrist shot by Nicklas Backstrom.
3:16 of 1st period - Stopped by Craig Anderson without a rebound.
3:17 of 1st period - Michal Handzus wins face-off versus Evgeni Malkin in Flames zone.
3:20 of 1st period - Snap shot by Marian Hossa.
3:20 of 1st period - Shot Misses the Net.
3:27 of 1st period - Off-side.
3:28 of 1st period - Nicklas Backstrom wins face-off versus Eric Staal in neutral zone.
4:05 of 1st period - Snap shot by Marian Hossa.
4:05 of 1st period - Stopped by Craig Anderson without a rebound.
4:06 of 1st period - Michal Handzus wins face-off versus Brooks Laich in Flames zone.
4:15 of 1st period - Ales Hemsky is hit by David Backes and loses puck.
4:52 of 1st period - François Beauchemin is hit by Bobby Ryan and loses puck.
5:11 of 1st period - Anton Volchenkov is hit by François Beauchemin and loses puck.
5:16 of 1st period - Snap shot by Marcel Goc.
5:16 of 1st period - Stopped by Niklas Backstrom with a rebound.
5:20 of 1st period - Snap shot by Branko Radivojevic.
5:20 of 1st period - Stopped by Niklas Backstrom without a rebound.
5:21 of 1st period - Eric Staal wins face-off versus Evgeni Malkin in Capitals zone.
5:46 of 1st period - Mark Bell is hit by Brooks Laich and loses puck.
6:03 of 1st period - Chris Kunitz is hit by Steve Eminger and loses puck.
6:31 of 1st period - Slapshot by Brooks Laich.
6:31 of 1st period - Shot Misses the Net.
6:33 of 1st period - Wrist shot by Brooks Laich.
6:33 of 1st period - Shot Blocked by Steve Eminger.
6:35 of 1st period - Slapshot by Joe Corvo.
6:35 of 1st period - Stopped by Craig Anderson with a rebound.
6:47 of 1st period - Wrist shot by Brooks Laich.
6:47 of 1st period - Stopped by Craig Anderson without a rebound.
6:48 of 1st period - Eric Staal wins face-off versus Marian Hossa in Flames zone.
6:48 of 1st period - Eric Staal is hit by Ryan Suter.
7:41 of 1st period - Wrist shot by Jason Blake.
7:41 of 1st period - Stopped by Craig Anderson without a rebound.
7:42 of 1st period - Zach Parise wins face-off versus Eric Staal in Flames zone.
7:45 of 1st period - Snap shot by Evgeni Malkin.
7:45 of 1st period - Stopped by Craig Anderson with a rebound.
9:14 of 1st period - Minor Penalty to Marian Hossa for Boarding.
9:15 of 1st period - Eric Staal wins face-off versus Peter Regin in Capitals zone.
9:19 of 1st period - Backhand shot by Alexander Semin.
9:19 of 1st period - Deflect By Eric Staal.
9:19 of 1st period - Stopped by Niklas Backstrom with a rebound.
9:21 of 1st period - Slapshot by Niklas Kronwall.
9:21 of 1st period - Goal by Niklas Kronwall - Capitals : 0 - Flames : 1.
9:22 of 1st period - Milan Hejduk wins face-off versus Evgeni Malkin in neutral zone.
9:31 of 1st period - Wrist shot by Alexander Semin.
9:31 of 1st period - Shot Misses the Net.
9:33 of 1st period - Snap shot by Milan Hejduk.
9:33 of 1st period - Goal by Milan Hejduk - Capitals : 0 - Flames : 2.
9:34 of 1st period - Eric Staal wins face-off versus Nicklas Backstrom in neutral zone.
9:53 of 1st period - Eric Staal is hit by Bobby Ryan.
10:29 of 1st period - Snap shot by David Backes.
10:29 of 1st period - Shot Blocked by Danil Markov.
10:45 of 1st period - Wrist shot by Marcel Goc.
10:45 of 1st period - Shot Misses the Net.
10:47 of 1st period - Slapshot by Steve Eminger.
10:47 of 1st period - Shot Misses the Net.
10:49 of 1st period - Wrist shot by Mike Leclerc.
10:49 of 1st period - Stopped by Niklas Backstrom without a rebound.
10:50 of 1st period - Marcel Goc wins face-off versus Evgeni Malkin in Capitals zone.
11:15 of 1st period - Bobby Ryan is hit by Eric Staal and loses puck.
11:48 of 1st period - Wrist shot by Alexander Semin.
11:48 of 1st period - Stopped by Niklas Backstrom with a rebound.
12:30 of 1st period - Snap shot by Evgeni Malkin.
12:30 of 1st period - Stopped by Craig Anderson without a rebound.
12:31 of 1st period - Josef Vasicek wins face-off versus Bobby Ryan in Flames zone.
12:40 of 1st period - Snap shot by Josef Vasicek.
12:40 of 1st period - Shot Misses the Net.
13:11 of 1st period - Anton Volchenkov is hit by Steve Eminger and loses puck.
14:10 of 1st period - Wrist shot by Josef Vasicek.
14:10 of 1st period - Shot Misses the Net.
14:12 of 1st period - Wrist shot by Jordin Tootoo.
14:12 of 1st period - Shot Misses the Net.
14:14 of 1st period - Wrist shot by Derek Meech.
14:14 of 1st period - Stopped by Niklas Backstrom with a rebound.
14:16 of 1st period - Snap shot by Derek Meech.
14:16 of 1st period - Shot Misses the Net.
14:18 of 1st period - Slapshot by Josef Vasicek.
14:18 of 1st period - Stopped by Niklas Backstrom with a rebound.
14:20 of 1st period - Snap shot by Josef Vasicek.
14:20 of 1st period - Goal by Josef Vasicek - Capitals : 0 - Flames : 3.
14:21 of 1st period - Eric Staal wins face-off versus Evgeni Malkin in neutral zone.
14:26 of 1st period - Anton Volchenkov is hit by Milan Hejduk and loses puck.
15:40 of 1st period - Slapshot by Alexander Semin.
15:40 of 1st period - Shot Misses the Net.
15:42 of 1st period - Slapshot by Alexander Semin.
15:42 of 1st period - Stopped by Niklas Backstrom with a rebound.
15:56 of 1st period - Snap shot by Evgeni Malkin.
15:56 of 1st period - Shot Blocked by Michal Handzus.
16:33 of 1st period - Bobby Ryan is hit by François Beauchemin and loses puck.
16:48 of 1st period - Wrist shot by Josef Vasicek.
16:48 of 1st period - Shot Misses the Net.
17:08 of 1st period - Snap shot by Marian Hossa.
17:08 of 1st period - Stopped by Craig Anderson with a rebound.
17:10 of 1st period - Wrist shot by Evgeni Malkin.
17:10 of 1st period - Stopped by Craig Anderson without a rebound.
17:11 of 1st period - Alexander Semin wins face-off versus Evgeni Malkin in Flames zone.
17:26 of 1st period - Snap shot by Eric Staal.
17:26 of 1st period - Shot Misses the Net.
17:38 of 1st period - Icing by Ryan Suter.
17:39 of 1st period - Josef Vasicek wins face-off versus Evgeni Malkin in Capitals zone.
18:02 of 1st period - Snap shot by Evgeni Malkin.
18:02 of 1st period - Deflect By Marian Hossa.
18:02 of 1st period - Stopped by Craig Anderson with a rebound.
18:04 of 1st period - Wrist shot by Marian Hossa.
18:04 of 1st period - Stopped by Craig Anderson with a rebound.
18:10 of 1st period - Wrist shot by Evgeni Malkin.
18:10 of 1st period - Stopped by Craig Anderson with a rebound.
18:12 of 1st period - Snap shot by Marian Hossa.
18:12 of 1st period - Shot Blocked by Mikhail Grabovski.
18:14 of 1st period - Slapshot by Anton Volchenkov.
18:14 of 1st period - Stopped by Craig Anderson with a rebound.
18:16 of 1st period - Wrist shot by Evgeni Malkin.
18:16 of 1st period - Shot Misses the Net.
18:18 of 1st period - Slapshot by Ryan Suter.
18:18 of 1st period - Shot Blocked by Steve Eminger.
18:20 of 1st period - Snap shot by Ryan Suter.
18:20 of 1st period - Shot Blocked by Tomas Kaberle.
18:22 of 1st period - Slapshot by Ryan Suter.
18:22 of 1st period - Deflect By Zach Parise.
18:22 of 1st period - Shot Misses the Net.
18:22 of 1st period - Puck is out of play.
18:23 of 1st period - Eric Staal wins face-off versus Nicklas Backstrom in Flames zone.
18:28 of 1st period - Wrist shot by Eric Staal.
18:28 of 1st period - Shot Blocked by Ed Jovanovski.
18:34 of 1st period - Wrist shot by Thomas Vanek.
18:34 of 1st period - Stopped by Craig Anderson without a rebound.
18:35 of 1st period - Eric Staal wins face-off versus Nicklas Backstrom in Flames zone.
18:45 of 1st period - Snap shot by Bobby Ryan.
18:45 of 1st period - Shot Misses the Net.
18:47 of 1st period - Wrist shot by Bobby Ryan.
18:47 of 1st period - Goal by Bobby Ryan - Capitals : 1 - Flames : 3.
18:48 of 1st period - Eric Staal wins face-off versus Evgeni Malkin in neutral zone.
18:50 of 1st period - Off-side.
18:51 of 1st period - Evgeni Malkin wins face-off versus Eric Staal in neutral zone.
19:02 of 1st period - Wrist shot by Marian Hossa.
19:02 of 1st period - Stopped by Craig Anderson with a rebound.
Goals for this period are 1 for Capitals vs 3 for Flames.
Shots for this period are 17 for Capitals vs 14 for Flames.
2nd period
0:01 of 2nd period - Eric Staal wins face-off versus Evgeni Malkin in neutral zone.
0:15 of 2nd period - Snap shot by Eric Staal.
0:15 of 2nd period - Shot Blocked by Marian Hossa.
0:30 of 2nd period - Snap shot by Nicklas Backstrom.
0:30 of 2nd period - Shot Misses the Net.
1:07 of 2nd period - Wrist shot by Mike Leclerc.
1:07 of 2nd period - Shot Misses the Net.
1:09 of 2nd period - Snap shot by Marcel Goc.
1:09 of 2nd period - Shot Misses the Net.
1:11 of 2nd period - Slapshot by Mike Leclerc.
1:11 of 2nd period - Stopped by Niklas Backstrom with a rebound.
1:13 of 2nd period - Snap shot by Branko Radivojevic.
1:13 of 2nd period - Stopped by Niklas Backstrom with a rebound.
1:17 of 2nd period - Snap shot by Marcel Goc.
1:17 of 2nd period - Goal by Marcel Goc - Capitals : 1 - Flames : 4.
1:17 of 2nd period - Nikolai Khabibulin enters game.
1:18 of 2nd period - Evgeni Malkin wins face-off versus Eric Staal in neutral zone.
1:51 of 2nd period - Snap shot by Thomas Vanek.
1:51 of 2nd period - Stopped by Craig Anderson without a rebound.
1:52 of 2nd period - Brooks Laich wins face-off versus Mark Bell in Flames zone.
1:59 of 2nd period - Slapshot by Chris Kunitz.
1:59 of 2nd period - Shot Blocked by Mark Bell.
2:01 of 2nd period - Slapshot by Joe Corvo.
2:01 of 2nd period - Shot Misses the Net.
2:03 of 2nd period - Minor Penalty to David Backes for Hooking.
2:04 of 2nd period - Brooks Laich wins face-off versus Michal Handzus in Flames zone.
2:05 of 2nd period - Snap shot by Marian Hossa.
2:05 of 2nd period - Goal by Marian Hossa - Capitals : 2 - Flames : 4.
2:06 of 2nd period - Evgeni Malkin wins face-off versus Eric Staal in neutral zone.
2:54 of 2nd period - Minor Penalty to Michal Handzus for Roughing.
2:55 of 2nd period - Brooks Laich wins face-off versus Jordin Tootoo in Flames zone.
3:27 of 2nd period - Snap shot by Bobby Ryan.
3:27 of 2nd period - Goal by Bobby Ryan - Capitals : 3 - Flames : 4.
3:28 of 2nd period - Zach Parise wins face-off versus Eric Staal in neutral zone.
3:58 of 2nd period - François Beauchemin is hit by Ryan Suter and loses puck.
4:39 of 2nd period - Slapshot by Jason Blake.
4:39 of 2nd period - Shot Misses the Net.
4:55 of 2nd period - Slapshot by David Backes.
4:55 of 2nd period - Stopped by Nikolai Khabibulin with a rebound.
4:57 of 2nd period - Slapshot by Tomas Kaberle.
4:57 of 2nd period - Stopped by Nikolai Khabibulin with a rebound.
4:59 of 2nd period - Wrist shot by David Backes.
4:59 of 2nd period - Shot Misses the Net.
5:03 of 2nd period - Slapshot by Michal Handzus.
5:03 of 2nd period - Shot Misses the Net.
5:05 of 2nd period - Slapshot by Steve Eminger.
5:05 of 2nd period - Stopped by Nikolai Khabibulin with a rebound.
5:07 of 2nd period - Slapshot by Michal Handzus.
5:07 of 2nd period - Stopped by Nikolai Khabibulin without a rebound.
5:08 of 2nd period - Evgeni Malkin wins face-off versus Eric Staal in Capitals zone.
5:33 of 2nd period - Ed Jovanovski is hit by Derek Meech and loses puck.
5:49 of 2nd period - Icing by Derek Meech.
5:50 of 2nd period - Brooks Laich wins face-off versus Josef Vasicek in Flames zone.
6:15 of 2nd period - Milan Hejduk is hit by Zach Parise and loses puck.
6:38 of 2nd period - Wrist shot by Bobby Ryan.
6:38 of 2nd period - Shot Misses the Net.
6:43 of 2nd period - Minor Penalty to Thomas Vanek for Tripping.
6:44 of 2nd period - Peter Regin wins face-off versus Eric Staal in Capitals zone.
6:58 of 2nd period - Snap shot by David Backes.
6:58 of 2nd period - Shot Blocked by Anton Volchenkov.
7:00 of 2nd period - Snap shot by Alexander Semin.
7:00 of 2nd period - Goal by Alexander Semin - Capitals : 3 - Flames : 5.
7:01 of 2nd period - Eric Staal wins face-off versus Evgeni Malkin in neutral zone.
7:29 of 2nd period - Off-side.
7:30 of 2nd period - Michal Handzus wins face-off versus Nicklas Backstrom in neutral zone.
7:51 of 2nd period - Snap shot by Thomas Vanek.
7:51 of 2nd period - Stopped by Craig Anderson with a rebound.
8:01 of 2nd period - Snap shot by David Backes.
8:01 of 2nd period - Stopped by Nikolai Khabibulin with a rebound.
8:03 of 2nd period - Snap shot by Michal Handzus.
8:03 of 2nd period - Stopped by Nikolai Khabibulin with a rebound.
8:05 of 2nd period - Slapshot by Ron Hainsey.
8:05 of 2nd period - Stopped by Nikolai Khabibulin with a rebound.
8:24 of 2nd period - Off-side.
8:25 of 2nd period - Eric Staal wins face-off versus Evgeni Malkin in neutral zone.
8:25 of 2nd period - Tomas Kaberle is hit by Marian Hossa and loses puck.
8:35 of 2nd period - Icing by Evgeni Malkin.
8:36 of 2nd period - Eric Staal wins face-off versus Evgeni Malkin in Capitals zone.
8:55 of 2nd period - Wrist shot by Evgeni Malkin.
8:55 of 2nd period - Shot Blocked by Tomas Kaberle.
8:57 of 2nd period - Wrist shot by Zach Parise.
8:57 of 2nd period - Shot Misses the Net.
8:59 of 2nd period - Slapshot by Anton Volchenkov.
8:59 of 2nd period - Shot Misses the Net.
9:25 of 2nd period - Derek Meech is hit by Brooks Laich and loses puck.
9:32 of 2nd period - Snap shot by Ales Hemsky.
9:32 of 2nd period - Shot Misses the Net.
9:52 of 2nd period - Wrist shot by David Backes.
9:52 of 2nd period - Shot Misses the Net.
10:08 of 2nd period - Chris Kunitz is hit by Niklas Kronwall.
10:18 of 2nd period - Wrist shot by Milan Hejduk.
10:18 of 2nd period - Stopped by Nikolai Khabibulin with a rebound.
10:34 of 2nd period - Slapshot by Nicklas Backstrom.
10:34 of 2nd period - Stopped by Craig Anderson with a rebound.
10:38 of 2nd period - Slapshot by Nicklas Backstrom.
10:38 of 2nd period - Stopped by Craig Anderson without a rebound.
10:39 of 2nd period - Eric Staal wins face-off versus Marian Hossa in Flames zone.
10:45 of 2nd period - Off-side.
10:46 of 2nd period - Evgeni Malkin wins face-off versus Milan Hejduk in neutral zone.
10:57 of 2nd period - Snap shot by Marian Hossa.
10:57 of 2nd period - Stopped by Craig Anderson with a rebound.
10:59 of 2nd period - Slapshot by Braydon Coburn.
10:59 of 2nd period - Deflect By Evgeni Malkin.
10:59 of 2nd period - Shot Blocked by Steve Eminger.
10:59 of 2nd period - Puck is out of play.
11:00 of 2nd period - Eric Staal wins face-off versus Evgeni Malkin in Flames zone.
11:08 of 2nd period - Off-side.
11:09 of 2nd period - Milan Hejduk wins face-off versus Evgeni Malkin in neutral zone.
11:19 of 2nd period - Wrist shot by Eric Staal.
11:19 of 2nd period - Shot Misses the Net.
11:21 of 2nd period - Backhand shot by Milan Hejduk.
11:21 of 2nd period - Stopped by Nikolai Khabibulin with a rebound.
11:23 of 2nd period - Snap shot by François Beauchemin.
11:23 of 2nd period - Deflect By Marian Hossa.
11:23 of 2nd period - Stopped by Nikolai Khabibulin without a rebound.
11:24 of 2nd period - Nicklas Backstrom wins face-off versus Michal Handzus in Capitals zone.
12:44 of 2nd period - Off-side.
12:45 of 2nd period - Eric Staal wins face-off versus Brooks Laich in neutral zone.
12:48 of 2nd period - Wrist shot by Steve Eminger.
12:48 of 2nd period - Deflect By Eric Staal.
12:48 of 2nd period - Goal by Eric Staal - Capitals : 3 - Flames : 6.
12:49 of 2nd period - Evgeni Malkin wins face-off versus Eric Staal in neutral zone.
13:30 of 2nd period - Icing by Ales Hemsky.
13:31 of 2nd period - Nicklas Backstrom wins face-off versus Josef Vasicek in Capitals zone.
13:31 of 2nd period - Nicklas Backstrom is hit by Jordin Tootoo.
13:59 of 2nd period - Snap shot by Chris Kunitz.
13:59 of 2nd period - Shot Misses the Net.
15:07 of 2nd period - Steve Eminger is hit by Ed Jovanovski and loses puck.
15:44 of 2nd period - Marian Hossa is hit by Marcel Goc and loses puck.
16:06 of 2nd period - Off-side.
16:07 of 2nd period - Michal Handzus wins face-off versus Nicklas Backstrom in neutral zone.
16:12 of 2nd period - Snap shot by Michal Handzus.
16:12 of 2nd period - Shot Blocked by Joe Corvo.
16:20 of 2nd period - Slapshot by Bobby Ryan.
16:20 of 2nd period - Stopped by Craig Anderson with a rebound.
16:22 of 2nd period - Snap shot by Joe Corvo.
16:22 of 2nd period - Deflect By Niklas Kronwall.
16:22 of 2nd period - Stopped by Craig Anderson with a rebound.
16:52 of 2nd period - Mikhail Grabovski is hit by Chris Kunitz.
17:00 of 2nd period - Slapshot by Josef Vasicek.
17:00 of 2nd period - Stopped by Nikolai Khabibulin with a rebound.
18:25 of 2nd period - Wrist shot by Chris Kunitz.
18:25 of 2nd period - Deflect By Mikhail Grabovski.
18:25 of 2nd period - Stopped by Craig Anderson with a rebound.
18:52 of 2nd period - Icing by Danil Markov.
18:53 of 2nd period - Peter Regin wins face-off versus Michal Handzus in Capitals zone.
18:53 of 2nd period - Peter Regin is hit by David Backes.
18:56 of 2nd period - Adam Hall is hit by David Backes and loses puck.
18:59 of 2nd period - Minor Penalty to David Backes for Tripping.
19:00 of 2nd period - Brooks Laich wins face-off versus Michal Handzus in Flames zone.
19:34 of 2nd period - Snap shot by Nicklas Backstrom.
19:34 of 2nd period - Shot Blocked by Ron Hainsey.
19:36 of 2nd period - Wrist shot by Thomas Vanek.
19:36 of 2nd period - Stopped by Craig Anderson with a rebound.
19:38 of 2nd period - Wrist shot by Thomas Vanek.
19:38 of 2nd period - Stopped by Craig Anderson without a rebound.
19:39 of 2nd period - Michal Handzus wins face-off versus Brooks Laich in Flames zone.
Goals for this period are 2 for Capitals vs 3 for Flames.
Shots for this period are 12 for Capitals vs 16 for Flames.
3rd period
0:01 of 3rd period - Brooks Laich wins face-off versus Michal Handzus in neutral zone.
0:06 of 3rd period - Snap shot by Anton Volchenkov.
0:06 of 3rd period - Shot Blocked by Michal Handzus.
0:08 of 3rd period - Slapshot by Anton Volchenkov.
0:08 of 3rd period - Shot Misses the Net.
0:10 of 3rd period - Snap shot by Marian Hossa.
0:10 of 3rd period - Shot Misses the Net.
0:12 of 3rd period - Wrist shot by Brooks Laich.
0:12 of 3rd period - Shot Blocked by Mike Leclerc.
0:14 of 3rd period - Slapshot by Marian Hossa.
0:14 of 3rd period - Shot Misses the Net.
0:31 of 3rd period - Slapshot by Ryan Suter.
0:31 of 3rd period - Shot Blocked by Steve Eminger.
0:59 of 3rd period - Penalty to David Backes is over, David Backes is back on ice.
1:37 of 3rd period - Slapshot by Nicklas Backstrom.
1:37 of 3rd period - Shot Blocked by Ron Hainsey.
1:49 of 3rd period - Backhand shot by Bobby Ryan.
1:49 of 3rd period - Shot Blocked by Ron Hainsey.
1:51 of 3rd period - Slapshot by Anton Volchenkov.
1:51 of 3rd period - Shot Misses the Net.
1:53 of 3rd period - Slapshot by Nicklas Backstrom.
1:53 of 3rd period - Shot Blocked by Ron Hainsey.
1:55 of 3rd period - Slapshot by Ryan Suter.
1:55 of 3rd period - Shot Blocked by David Backes.
2:07 of 3rd period - Wrist shot by Thomas Vanek.
2:07 of 3rd period - Shot Blocked by Tomas Kaberle.
2:09 of 3rd period - Snap shot by Nicklas Backstrom.
2:09 of 3rd period - Stopped by Craig Anderson without a rebound.
2:10 of 3rd period - Evgeni Malkin wins face-off versus Eric Staal in Flames zone.
2:13 of 3rd period - Snap shot by Evgeni Malkin.
2:13 of 3rd period - Shot Misses the Net.
2:35 of 3rd period - Ales Hemsky is hit by Steve Eminger and loses puck.
2:52 of 3rd period - Brooks Laich is hit by Eric Staal and loses puck.
3:55 of 3rd period - Jordin Tootoo is hit by Peter Regin and loses puck.
5:49 of 3rd period - Anton Volchenkov is hit by Milan Hejduk and loses puck.
6:06 of 3rd period - François Beauchemin is hit by Chris Kunitz.
6:16 of 3rd period - Peter Regin is hit by Marcel Goc and loses puck.
6:47 of 3rd period - Ales Hemsky is hit by Tomas Kaberle and loses puck.
7:25 of 3rd period - Icing by Joe Corvo.
7:26 of 3rd period - Nicklas Backstrom wins face-off versus Marcel Goc in Capitals zone.
7:31 of 3rd period - Branko Radivojevic is hit by Braydon Coburn and loses puck.
7:42 of 3rd period - Ryan Suter is hit by Eric Staal and loses puck.
8:32 of 3rd period - Snap shot by Josef Vasicek.
8:32 of 3rd period - Stopped by Nikolai Khabibulin with a rebound.
9:38 of 3rd period - François Beauchemin is hit by Joe Corvo and loses puck.
9:57 of 3rd period - Snap shot by Josef Vasicek.
9:57 of 3rd period - Shot Blocked by Adam Hall.
9:59 of 3rd period - Wrist shot by Jordin Tootoo.
9:59 of 3rd period - Deflect By Josef Vasicek.
9:59 of 3rd period - Stopped by Nikolai Khabibulin without a rebound.
10:00 of 3rd period - Mikhail Grabovski wins face-off versus Evgeni Malkin in Capitals zone.
10:01 of 3rd period - Wrist shot by Josef Vasicek.
10:01 of 3rd period - Deflect By Mikhail Grabovski.
10:01 of 3rd period - Shot Blocked by Marian Hossa.
10:01 of 3rd period - Puck is out of play.
10:02 of 3rd period - Evgeni Malkin wins face-off versus Mark Bell in Capitals zone.
10:11 of 3rd period - Snap shot by Marian Hossa.
10:11 of 3rd period - Stopped by Craig Anderson with a rebound.
10:53 of 3rd period - Snap shot by Josef Vasicek.
10:53 of 3rd period - Stopped by Nikolai Khabibulin with a rebound.
10:55 of 3rd period - Wrist shot by Josef Vasicek.
10:55 of 3rd period - Shot Misses the Net.
10:57 of 3rd period - Snap shot by Jordin Tootoo.
10:57 of 3rd period - Stopped by Nikolai Khabibulin without a rebound.
10:58 of 3rd period - Evgeni Malkin wins face-off versus Eric Staal in Capitals zone.
11:20 of 3rd period - Icing by Tomas Kaberle.
11:21 of 3rd period - Thomas Vanek wins face-off versus Eric Staal in Flames zone.
11:24 of 3rd period - Wrist shot by Nicklas Backstrom.
11:24 of 3rd period - Stopped by Craig Anderson with a rebound.
11:26 of 3rd period - Snap shot by Thomas Vanek.
11:26 of 3rd period - Shot Misses the Net.
11:30 of 3rd period - Slapshot by Nicklas Backstrom.
11:30 of 3rd period - Shot Misses the Net.
12:32 of 3rd period - Snap shot by Jason Blake.
12:32 of 3rd period - Shot Misses the Net.
12:34 of 3rd period - Slapshot by Anton Volchenkov.
12:34 of 3rd period - Shot Misses the Net.
12:36 of 3rd period - Snap shot by Peter Regin.
12:36 of 3rd period - Deflect By Derek Meech.
12:36 of 3rd period - Shot Misses the Net.
12:36 of 3rd period - Puck is out of play.
12:37 of 3rd period - Eric Staal wins face-off versus Marian Hossa in Flames zone.
13:21 of 3rd period - Wrist shot by Jordin Tootoo.
13:21 of 3rd period - Shot Misses the Net.
13:23 of 3rd period - Slapshot by François Beauchemin.
13:23 of 3rd period - Deflect By Chris Kunitz.
13:23 of 3rd period - Stopped by Nikolai Khabibulin without a rebound.
13:24 of 3rd period - Brooks Laich wins face-off versus Josef Vasicek in Capitals zone.
13:49 of 3rd period - Alexander Semin is hit by Evgeni Malkin and loses puck.
14:14 of 3rd period - Snap shot by Nicklas Backstrom.
14:14 of 3rd period - Shot Misses the Net.
14:58 of 3rd period - Niklas Kronwall is hit by Brooks Laich and loses puck.
15:30 of 3rd period - Off-side.
15:31 of 3rd period - Michal Handzus wins face-off versus Nicklas Backstrom in neutral zone.
15:38 of 3rd period - Backhand shot by Nicklas Backstrom.
15:38 of 3rd period - Stopped by Craig Anderson without a rebound.
15:39 of 3rd period - Eric Staal wins face-off versus Evgeni Malkin in Flames zone.
15:48 of 3rd period - Wrist shot by Evgeni Malkin.
15:48 of 3rd period - Goal by Evgeni Malkin - Capitals : 4 - Flames : 6.
15:49 of 3rd period - Eric Staal wins face-off versus Evgeni Malkin in neutral zone.
15:54 of 3rd period - Eric Staal is hit by Zach Parise and loses puck.
16:18 of 3rd period - Off-side.
16:19 of 3rd period - Nicklas Backstrom wins face-off versus Michal Handzus in neutral zone.
16:28 of 3rd period - Wrist shot by Mark Bell.
16:28 of 3rd period - Goal by Mark Bell - Capitals : 4 - Flames : 7.
16:29 of 3rd period - Evgeni Malkin wins face-off versus Eric Staal in neutral zone.
17:23 of 3rd period - Slapshot by Chris Kunitz.
17:23 of 3rd period - Stopped by Craig Anderson with a rebound.
17:25 of 3rd period - Backhand shot by Anton Volchenkov.
17:25 of 3rd period - Stopped by Craig Anderson without a rebound.
17:26 of 3rd period - Eric Staal wins face-off versus Brooks Laich in Flames zone.
17:41 of 3rd period - Wrist shot by Ales Hemsky.
17:41 of 3rd period - Stopped by Craig Anderson with a rebound.
18:49 of 3rd period - Wrist shot by Brooks Laich.
18:49 of 3rd period - Shot Hit the Post.
18:51 of 3rd period - Snap shot by Chris Kunitz.
18:51 of 3rd period - Shot Misses the Net.
18:53 of 3rd period - Wrist shot by Ales Hemsky.
18:53 of 3rd period - Stopped by Craig Anderson without a rebound.
18:54 of 3rd period - Michal Handzus wins face-off versus Evgeni Malkin in Flames zone.
Goals for this period are 1 for Capitals vs 1 for Flames.
Shots for this period are 9 for Capitals vs 6 for Flames.
Output by the SimonT Hockey Simulator (STHS) for François Prévost -- Original Page W3C XHTML 1.0 Valid